 Dungeon Crawl Stone Soup version 0.29-a0-982-gaed3a0c8d8 (webtiles) character file.

Game seed: 2882242584215203537

125 MisterAzrael the Conjurer (level 4, -1/24 HPs)
             Began as a Deep Elf Conjurer on Aug 2, 2022.
             Slain by a bullfrog (7 damage)
             ... on level 6 of the Dungeon.
             The game lasted 00:03:28 (2258 turns).

MisterAzrael the Conjurer (Deep Elf Conjurer)       Turns: 2258, Time: 00:03:29

Health: -1/24      AC:  2    Str:  3 (4)  XL:     4   Next: 82%
Magic:  10/13      EV: 12    Int: 23 (25) God:
Gold:   78         SH:  0    Dex: 11 (13) Spells: 10/13 levels left

rFire   + . .      SeeInvis .   n - staff of conjuration
rCold   x . .      Faith    .   (no shield)
rNeg    . . .      Spirit   .   a - +0 robe
rPois   .          Reflect  .   (no helmet)
rElec   .          Harm     .   (no cloak)
rCorr   .          Rampage  .   (no gloves)
Will    .....                   (no boots)
Stlth   ++........              (no amulet)
HPRegen 0.08/turn               g - ring of fire
MPRegen 0.13/turn               (no ring)

@: no status effects
A: no striking features
a: no special abilities


You were on level 6 of the Dungeon.
You visited 1 branch of the dungeon, and saw 5 of its levels.

You collected 78 gold pieces.

Inventory:

Hand Weapons
 j - a +1 dagger of electrocution
Armour
 a - a +0 robe (worn)
Magical Staves
 n - a staff of conjuration (weapon)
Jewellery
 c - a ring of resist corrosion
 g - a ring of fire (left hand)
Wands
 i - a wand of digging (5)
 m - a wand of iceblast (8)
Scrolls
 d - a scroll of teleportation
 f - a scroll of torment {unknown}
 l - a scroll of identify
Potions
 b - a potion of magic
 e - a potion of berserk rage


   Skills:
 - Level 2.4 Dodging
 - Level 2.4 Stealth
 + Level 5.3 Spellcasting
 + Level 5.7 Conjurations


You had 10 spell levels left.
You knew the following spells:

 Your Spells              Type           Power      Damage    Failure   Level
a - Magic Dart            Conj           100%       1d8       1%          1
b - Searing Ray           Conj           96%        2d7       1%          2

Your spell library contained the following spells:

 Spells                   Type           Power      Damage    Failure   Level
 Dazzling Flash           Conj/Hex       58%        N/A       9%          3
 Sublimation of Blood     Necr           6%         N/A       14%         2
 Fulminant Prism          Conj/Hex       14%        3d9       28%         4
 Iskenderun's Mystic Bla  Conj/Tloc      29%        2d7       28%         4
 Irradiate                Conj/Tmut      14%        3d16      61%         5
 Petrify                  Tmut/Erth      6%         N/A       67%         4


Dungeon Overview and Level Annotations

Branches:
Dungeon (6/15)
 Temple: D:4-7

Altars:

Shops:
D:1 *

Annotations:
D:5 Ijyb


Message History

The magic dart hits Ijyb but does no damage.
Ijyb shouts!
Ijyb zaps a wand.
Your mind is blasted!
Ouch! That really hurt!
Okay, then.
It was a potion of degeneration.
There was something very wrong with that liquid.
You feel weakened.
You feel dopey.
You feel clumsy.
It was a potion of curing.
You feel better.
There is a stone staircase leading down here.
Ijyb zaps a wand.
Your mind is blasted!
You climb downwards.
Found 11 gold pieces.
There is a stone staircase leading up here.
A bullfrog comes into view.
You are too injured to fight recklessly!
A dart slug comes into view.
There are monsters nearby!
A dart slug comes into view.
You see here 11 gold pieces.
A dart slug comes into view.
Aiming: Magic Dart (safe; 1% risk of failure)
Press: ? - help, Q - select action, (/) - cycle Shift-Dir - straight line, f - bullfrog
Aim: a bullfrog (100% to hit)
You feel a surge of power!
The magic dart hits the bullfrog.
The bullfrog is moderately wounded.
Aiming: Magic Dart (safe; 1% risk of failure)
Press: ? - help, Q - select action, (/) - cycle Shift-Dir - straight line, f/p - bullfrog
Aim: a bullfrog (moderately wounded, 100% to hit)
You feel a surge of power!
The magic dart hits the bullfrog.
The bullfrog is moderately wounded.
The bullfrog closely misses you. The bullfrog hits you!
* * * LOW HITPOINT WARNING * * *
Aiming: Magic Dart (safe; 1% risk of failure)
Press: ? - help, Q - select action, (/) - cycle Shift-Dir - straight line, f/p - bullfrog
Aim: a bullfrog (moderately wounded, 100% to hit)
You feel a surge of power!
The magic dart hits the bullfrog.
The bullfrog is heavily wounded.
The bullfrog hits you!
You die...

# ...###.#....
.##.........##
............. .
#.........## ..
#.........#...
##............
#<.........#
#.........##
#..##.$F@...#
.......##.....#
#.#.....
##........ #
##.... .........
...... .........
......##....w..#..
...... ≈w≈≈...# .
...#.w ≈≈≈≈≈≈...


You could see a bullfrog and 2 dart slugs.

Vanquished Creatures
  A scorpion (D:3)
  2 adders (D:2)
  A worm (D:2)
  2 dart slugs (D:1)
  7 endoplasms
  3 giant cockroaches
  5 goblins
  2 hobgoblins
  4 ball pythons
  4 bats
  3 frilled lizards
  10 kobolds
  A rat (D:2)
45 creatures vanquished.

Notes
Turn   | Place    | Note
-------+----------+-------------------------------------------
     0 | D:1      | MisterAzrael the Deep Elf Conjurer began the quest for the
                  | Orb.
     0 | D:1      | Reached XP level 1. HP: 10/10 MP: 6/6
   227 | D:1      | Found Feudgh's General Store.
   248 | D:1      | Reached XP level 2. HP: 15/15 MP: 5/8
  1069 | D:2      | Reached skill level 5 in Conjurations
  1069 | D:2      | Reached XP level 3. HP: 19/19 MP: 3/10
  1567 | D:2      | Learned a level 2 spell: Searing Ray
  1813 | D:2      | Found a faded altar of an unknown god.
  2012 | D:3      | Noticed a scorpion
  2028 | D:3      | Killed a scorpion
  2029 | D:3      | Reached skill level 5 in Spellcasting
  2029 | D:3      | Reached XP level 4. HP: 18/24 MP: 3/13
  2236 | D:3      | You fall into a shaft and drop 2 floors!
  2236 | D:5      | Entered Level 5 of the Dungeon
  2237 | D:5      | Noticed Ijyb
  2248 | D:6      | Noticed a bullfrog
  2258 | D:6      | Slain by a bullfrog

Illustrated notes

Levels and vault maps discovered:
D:1:      mrwooster_arrival_statue, layout_loops_ring, serial_shops,
          nicolae_shop_temple_entry_statues_fountains
D:2:      layout_loops_ring, shapermc_ecumenical_altar_notcrosses,
          minmay_pentomino_r4
D:3:      layout_loops_ring, minmay_misc_feat_columns, supply_closet_lemuel,
          guppyfry_early_orc_mine
D:5:      layout_rooms, nicolae_overflow_quartered_altars, temple_hall,
          uniq_blork_the_orc, uniq_menkaure, uniq_ijyb
D:6:      kennysheep_slugbush, layout_cave_pools,
          gammafunk_temple_overflow_elements

Skill      XL: |  1  2  3 |
---------------+----------+-----
Spellcasting   | 4 5 |  5.3
Conjurations   | 5 |  5.7
Dodging        | |  2.4
Stealth        | |  2.4

Action                   |  1- 3 |  4- 6 || total
-------------------------+-------+-------++-------
Melee: Staff             |     1 |       ||     1
 Cast: Magic Dart        |    89 |     6 ||    95
  Use: Potion            |     1 |     2 ||     3
       Scroll            |     1 |       ||     1
Dodge: Dodged            |     8 |     1 ||     9

Table legend: (Time is in decaauts)
 A = Elapsed time spent in this place.
 B = Non-inter-level travel time spent in this place.
 C = Inter-level travel time spent in this place.
 D = Time resting spent in this place.
 E = Time spent auto-exploring this place.
 F = Levels seen in this place.
 G = Mean time per level.
                   A        B        C        D        E       F      G
               +--------+--------+--------+--------+--------+-----+--------+
         Total |   2264 |   2230 |     34 |    296 |   1712 |   5 |  452.8 |
       Dungeon |   2264 |   2230 |     34 |    296 |   1712 |   5 |  452.8 |
               +--------+--------+--------+--------+--------+-----+--------+

Top non-repeatable levels by time:
     D:1: 1037 daAuts
     D:2: 947 daAuts
     D:3: 258 daAuts
     D:5: 10 daAuts
     D:6: 10 daAuts
